 Dungeon Crawl Stone Soup version 0.19.5 (webtiles) character file.

666 miragecloak the Spear-Bearer (level 7, -1/52 HPs)
             Began as a Merfolk Abyssal Knight on May 8, 2017.
             Was a Believer of Lugonu.
             Slain by an ice beast (5 damage)
             ... on level 5 of the Dungeon.
             The game lasted 00:08:21 (6274 turns).

miragecloak the Spear-Bearer (MfAK)                 Turns: 6274, Time: 00:08:21

Health: -1/52      AC:  5    Str: 12    XL:     7   Next: 57%
Magic:  8/8        EV: 13    Int: 12    God:    Lugonu [**....]
Gold:   235        SH:  0    Dex: 18    Spells: 0 memorised, 6 levels left

rFire  . . .     SeeInvis .     I - +0 trident
rCold  . . .     Gourm    .     b - +0 leather armour
rNeg   . . .     Faith    .     (no shield)
rPois  .         Spirit   .     u - +1 hat
rElec  .         Reflect  .     (no cloak)
rCorr  .         Harm     .     z - +0 pair of gloves
MR     .....                    (no boots)
Stlth  +.........               (no amulet)
                                E - ring of flight
                                F - +3 ring of dexterity

@: no status effects
A: change form in water, swift swim, stealthy swim
a: Depart the Abyss, Bend Space, Renounce Religion, Evoke Flight


You were on level 5 of the Dungeon.
You worshipped Lugonu.
Lugonu was pleased with you.
You were near starving.

You visited 1 branch of the dungeon, and saw 5 of its levels.
You visited the Abyss 1 time.
You also visited: Sewer.

You collected 235 gold pieces.

Inventory:

Hand Weapons
 a - a +1 spear
 I - a +0 trident (weapon)
Armour
 b - a +0 leather armour (worn)
 u - a +1 hat (worn)
 y - a +1 chain mail of fire resistance
 z - a +0 pair of gloves (worn)
Jewellery
 m - a +4 ring of intelligence
 E - a ring of flight (right hand)
 F - a +3 ring of dexterity (left hand)
Wands
 x - a wand of disintegration (16/24)
Scrolls
 f - 4 scrolls of amnesia
 h - 7 scrolls of identify
 i - a scroll of remove curse
 n - 2 scrolls of enchant armour {unknown}
 r - 2 scrolls of noise {unknown}
 s - 2 scrolls of magic mapping {unknown}
 v - 5 scrolls of teleportation
 D - a scroll of fog {unknown}
Potions
 d - a potion of agility {unknown}
 e - 2 potions of flight {unknown}
 g - a potion of brilliance
 k - a potion of might {unknown}
 p - a potion of haste
 q - 2 potions of ambrosia {unknown}
 t - 4 potions of heal wounds {unknown}
 w - a potion of mutation {unknown}
 A - a potion of cure mutation {unknown}
 B - a potion of magic {unknown}
 C - a potion of curing {unknown}
Books
 H - a book of Misfortune

   Spells                             Type                      Level
   a - Confusing Touch                Hexes                        1
   b - Confuse                        Hexes                        3
   c - Gell's Gravitas                Hexes/Translocation          3
   d - Petrify                        Transmutation/Earth          4
   e - Metabolic Englaciation         Hexes/Ice                    5
   f - Yara's Violent Unravelling     Hexes/Transmutation          5
Comestibles
 c - 4 bread rations
 j - 2 beef jerkies
 l - 4 slices of pizza
 o - 2 meat rations


   Skills:
 - Level 3.2 Fighting
 + Level 11.5 Polearms
 - Level 0.6 Armour
 - Level 2.6 Dodging
 - Level 2.0 Invocations


You had 6 spell levels left.
You didn't know any spells.

Dungeon Overview and Level Annotations

Branches:
Dungeon (5/15)
 Temple: D:4-7

Altars:
Dithmenos
Fedhas


Message History

You hit the ice beast.
The ice beast is heavily wounded.
You closely miss the ice beast.
The ice beast is heavily wounded.
The ice beast hits you. The ice beast freezes you!
You barely miss the ice beast.
The ice beast is heavily wounded.
The ice beast hits you. The ice beast freezes you!
* * * LOW HITPOINT WARNING * * *
You are too injured to fight recklessly!
You are too injured to fight recklessly!
You are too injured to fight recklessly!
You are too injured to fight recklessly!
You are too injured to fight recklessly!
You hit the ice beast but do no damage.
The ice beast is heavily wounded.
The ice beast hits you.
* * * LOW HITPOINT WARNING * * *
The ice beast freezes you.
You die...

#.. .. #.#
#. #.# #.
#.#
######### #.
## #.#
#.......###.
#.##.#
#.#####.....
#.#.###.#
######
##Y.....#
#@#.#####
#.##.# #.
#.# .. #<#
##. #.# #.
#.# #. #.#
.. #.# #..


You could see an ice beast.

Vanquished Creatures
  Purgy (Sewer)
  2 ogres (D:4)
  A centaur (D:5)
  3 orc priests
  A bullfrog skeleton (D:4)
  2 iguanas
  8 adders
  A dart slug (D:4)
  3 leopard geckos
  8 orcs
  7 bats
  8 giant cockroaches
  8 goblins
  3 hobgoblins
  2 jackals (D:3)
  4 quokkas
  5 ball pythons
  9 frilled lizards
  2 kobolds (D:2)
  4 rats
82 creatures vanquished.

Notes
Turn   | Place    | Note
-------+----------+-------------------------------------------
     0 | Abyss:1  | miragecloak the Merfolk Abyssal Knight began the quest for the Orb.
     0 | Abyss:1  | Reached XP level 1. HP: 18/18 MP: 2/2
   107 | Abyss:1  | Noticed a ynoxinul
   108 | D:1      | Escaped the Abyss
   180 | D:1      | Reached * piety under Lugonu
   239 | D:1      | Reached skill level 4 in Polearms
   239 | D:1      | Reached XP level 2. HP: 21/24 MP: 3/3
  1090 | D:2      | Reached XP level 3. HP: 19/29 MP: 4/4
  1094 | D:2      | Reached skill level 5 in Polearms
  1754 | D:2      | Reached skill level 6 in Polearms
  1901 | D:2      | Reached XP level 4. HP: 16/35 MP: 5/5
  2324 | D:3      | Found a blossoming altar of Fedhas.
  2326 | D:3      | Reached ** piety under Lugonu
  3024 | D:3      | Reached skill level 7 in Polearms
  3404 | D:3      | Found a shadowy altar of Dithmenos.
  3528 | D:3      | Reached XP level 5. HP: 41/41 MP: 6/6
  3703 | D:4      | Noticed an ogre
  3715 | D:4      | Killed an ogre
  3715 | D:4      | Reached skill level 8 in Polearms
  3858 | D:4      | Found a glowing drain.
  3894 | Sewer    | Entered a sewer
  3979 | Sewer    | Noticed Purgy
  4104 | Sewer    | Killed Purgy
  4104 | Sewer    | Reached skill level 9 in Polearms
  4104 | Sewer    | Reached XP level 6. HP: 47/47 MP: 7/7
  4950 | D:4      | Reached skill level 10 in Polearms
  5371 | D:3      | Reached XP level 7. HP: 44/52 MP: 8/8
  5469 | D:4      | Reached skill level 11 in Polearms
  5794 | D:5      | Entered Level 5 of the Dungeon
  6274 | D:5      | Slain by an ice beast

Skill      XL: |  1  2  3  4  5  6  7 |
---------------+----------------------+-----
Polearms       | 4 6 7 9 10 11 | 11.5
Fighting       | |  3.2
Armour         | |  0.6
Dodging        | |  2.6
Invocations    | |  2.0

Action                   |  1- 3 |  4- 6 |  7- 9 || total
-------------------------+-------+-------+-------++-------
Melee: Spear             |    97 |   218 |       ||   315
       Tailslap          |       |     2 |       ||     2
       Trident           |       |    45 |    51 ||    96
Invok: Depart the Abyss  |     1 |       |       ||     1
  Use: Scroll            |       |     3 |       ||     3
       Potion            |       |       |     2 ||     2
 Stab: Sleeping          |       |     1 |       ||     1
  Eat: Chunk             |     2 |    12 |     1 ||    15
Armor: Leather armour    |    14 |    39 |     4 ||    57
Dodge: Dodged            |    42 |    86 |    24 ||   152
